 Dungeon Crawl Stone Soup version 0.28.0 (webtiles) character file.

Game seed: 13583845224275931902

7000 aesthetics the Cleaver (level 10, 0/91 HPs)
             Began as a Minotaur Berserker on Feb 15, 2022.
             Was an Elder of Trog.
             Slain by a death yak (16 damage)
             ... on level 10 of the Dungeon.
             The game lasted 01:13:59 (14319 turns).

aesthetics the Cleaver (Minotaur Berserker)        Turns: 14319, Time: 01:14:00

Health: 0/91       AC: 13    Str: 26    XL:     10   Next: 82%
Magic:  9/9        EV: 12    Int:  4    God:    Trog [****..]
Gold:   330        SH:  0    Dex: 10    Spells: 9/9 levels left

rFire   x . .      SeeInvis .   y - +4 war axe "Grim Tooth" {vorpal, rPois Will++}
rCold   + . .      Faith    .   (no shield)
rNeg    . . .      Spirit   .   w - +3 scale mail {rPois}
rPois   +          Reflect  .   (helmet restricted)
rElec   .          Harm     .   (no cloak)
rCorr   .          Rampage  .   z - +0 pair of gloves
Will    ++...                   (no boots)
Stlth   ..........              (no amulet)
HPRegen 0.25/turn               k - ring of ice
MPRegen 0.11/turn               (no ring)

@: about to teleport, on berserk cooldown, slowed, very slow
A: horns 2, retaliatory headbutt
a: Renounce Religion, Berserk, Trog's Hand, Brothers in Arms


You were on level 10 of the Dungeon.
You worshipped Trog.
Trog was greatly pleased with you.
You visited 2 branches of the dungeon, and saw 11 of its levels.

You collected 606 gold pieces.
You spent 276 gold pieces at shops.

Inventory:

Hand Weapons
 a - a +1 hand axe
 f - a +4 battleaxe of freezing
 j - a +0 battleaxe
 l - a +0 hunting sling
 t - a +1 falchion of holy wrath
 y - the +4 war axe "Grim Tooth" (weapon) {vorpal, rPois Will++}
   (You took it off an orc priest on level 8 of the Dungeon)

   It inflicts extra damage upon your enemies.
   rPois:     It protects you from poison.
   Will:      It greatly increases your willpower.
Missiles
 c - 186 sling bullets
 d - 300 stones (quivered)
Armour
 u - a +0 cloak of poison resistance
 w - a +3 scale mail of poison resistance (worn)
 z - a +0 pair of gloves (worn)
Jewellery
 k - a ring of ice (left hand)
Wands
 m - a wand of iceblast (4)
 n - a wand of digging (9)
 q - a wand of polymorph (4)
Scrolls
 i - 5 scrolls of noise
 o - a scroll of fog
 s - 2 scrolls of identify
 v - a scroll of teleportation
Potions
 b - 2 potions of attraction
 e - a potion of flight
 g - a potion of berserk rage
 h - a potion of cancellation
 p - a potion of degeneration
 r - a potion of haste
 x - a potion of brilliance


   Skills:
 + Level 9.4 Fighting
 + Level 14.2 Axes
 + Level 0.9 Throwing
 + Level 9.6 Armour
 + Level 5.4 Dodging
 + Level 2.3 Stealth


You had 9 spell levels left.
You didn't know any spells.
Your spell library contained the following spells:

 Spells                   Type           Power      Damage    Failure   Level
 Animate Skeleton         Necr           0%         N/A       75%         1
 Apportation              Tloc           0%         N/A       75%         1
 Summon Small Mammal      Summ           0%         N/A       75%         1
 Scorch                   Fire           0%         2d5       86%         2
 Wereblood                Tmut           0%         N/A       86%         2
 Inner Flame              Hex/Fire       0%         N/A       98%         3
 Flame Wave               Conj/Fire      0%         2d4       100%        4
 Summon Cactus Giant      Summ           0%         N/A       100%        6
 Dragon Form              Tmut           0%         N/A       100%        7


Dungeon Overview and Level Annotations

Branches:
Dungeon (10/15)            Temple (1/1) D:4
   Lair: D:8-11         Orc: D:9-12

Altars:
Cheibriados
Dithmenos
Elyvilon
Fedhas
Gozag
Hepliaklqana
Kikubaaqudgha
Makhleb
Nemelex Xobeh
Okawaru
Qazlal
Sif Muna
Trog
Uskayaw
Vehumet
Wu Jian
Xom
Yredelemnul
Zin
The Shining One

Shops:
D:5 [   D:7 *[


Innate Abilities, Weirdness & Mutations

You have a pair of horns on your head.
You reflexively headbutt those who attack you in melee.


Message History

The vampire mosquito is severely damaged.
The vampire mosquito bites you.
The vampire mosquito draws strength from your injuries!
You barely miss the vampire mosquito.
The vampire mosquito is severely damaged.
The vampire mosquito bites you!
The vampire mosquito draws strength from your injuries!
You slash the vampire mosquito!
Your headbutt misses the vampire mosquito.
The vampire mosquito is severely damaged.
You slice the vampire mosquito!!
You destroy the vampire mosquito!
Trog accepts your kill.
You slash the death yak!
You are no longer berserk.
You are exhausted.
You feel yourself slow down. The centaur barely misses you.
You furiously retaliate!
You headbutt the centaur. The centaur closely misses you.
The death yak gores you! x2
You see here a vampire mosquito corpse.
The centaur wields a +0 shortbow.
The centaur shoots an arrow.
The arrow closely misses you. The death yak gores you!
* * * LOW HITPOINT WARNING * * *
A death yak comes into view.
The death yak bellows!
You hear a bellow!
The death yak gores you.
* * * LOW HITPOINT WARNING * * *
As you read the scroll of teleportation, it crumbles to dust.
You feel strangely unstable.
A death yak comes into view.
The death yak closely misses you. You furiously retaliate!
You headbutt the death yak!
The death yak snorts and paws the ground.
The death yak gores you!
* * * LOW HITPOINT WARNING * * *
The death yak gores you but does no damage.
As you read the scroll of fog, it crumbles to dust.
The scroll dissolves into smoke.
The death yak gores you!
You die...

#####
#....##
#$.§##
#Y@###
#.#####YY§#
#...y.cY#§#
#.....†y#.#
#.....†.#..
#....Y..###.
......Y..#
..
#........#
..
#........#
#.#


You could see 4 death yaks and a centaur.

Vanquished Creatures
  The ghost of TheOneDM the Severer, a novice MiFi of Gozag (D:9)
  Pikel (D:4)
  A kobold demonologist (D:9)
  A wolf spider simulacrum (D:9)
  A troll (D:8)
  A hornet (D:9)
  2 centaur simulacra (D:9)
  2 wyverns
  3 yaks (D:10)
  A vampire mosquito (D:10)
  A water moccasin (D:8)
  2 sky beasts (D:7)
  A meliai simulacrum (D:9)
  3 orc warriors
  2 ice beasts
  A wolf (D:7)
  An ogre (D:4)
  A centaur (D:9)
  Blork the orc (D:4)
  3 bullfrogs
  A gnoll sergeant (D:7)
  10 wights (D:8)
  6 centaur zombies
  2 bullfrog zombies (D:6)
  2 jellies
  3 centaur skeletons
  2 gnoll shamans
  12 orc priests
  Crazy Yiuf (D:6)
  Ijyb (D:5)
  5 iguanas
  10 orc wizards
  2 hound skeletons
  A hound zombie (D:5)
  A howler monkey zombie (D:6)
  Robin (D:4)
  9 adders
  28 gnolls
  A shadow imp (D:6)
  3 white imps
  2 ufetubi
  A worm (D:4)
  The ghost of cbfl8 the Sneak, a weakling MiDe (D:5)
  5 dart slugs
  28 orcs
  7 ball pythons
  10 endoplasms
  A giant cockroach (D:4)
  14 goblins
  10 hobgoblins
  2 jackals (D:1)
  4 quokkas
  2 bats
  5 frilled lizards
  15 kobolds
  A rat (D:1)
239 creatures vanquished.

Vanquished Creatures (others)
  2 fungi (D:1)
  3 plants (D:1)
5 creatures vanquished.

Grand Total: 244 creatures vanquished

Notes
Turn   | Place    | Note
-------+----------+-------------------------------------------
     0 | D:1      | aesthetics the Minotaur Berserker began the quest for the
                  | Orb.
     0 | D:1      | Reached XP level 1. HP: 19/19 MP: 0/0
   347 | D:1      | Reached skill level 4 in Axes
   347 | D:1      | Reached XP level 2. HP: 27/27 MP: 1/1
  1635 | D:1      | Found a faded altar of an unknown god.
  1807 | D:1      | Reached XP level 3. HP: 33/33 MP: 2/2
  2219 | D:2      | Reached skill level 5 in Axes
  2249 | D:2      | Reached ** piety under Trog
  2394 | D:2      | Reached XP level 4. HP: 33/40 MP: 3/3
  3185 | D:3      | Found an ornate altar of the Wu Jian Council.
  3624 | D:3      | Found a large runed translucent door.
  3625 | D:3      | Found a large runed translucent door.
  3625 | D:3      | Found a shimmering altar of Xom.
  4229 | D:4      | Reached skill level 6 in Axes
  4229 | D:4      | Reached XP level 5. HP: 47/47 MP: 4/4
  4317 | D:4      | Noticed an ogre
  4321 | D:4      | Killed an ogre
  4322 | D:4      | Reached XP level 6. HP: 55/55 MP: 5/5
  4439 | D:4      | Reached skill level 5 in Fighting
  5151 | D:4      | Noticed Pikel
  5161 | D:4      | Killed Pikel
  5162 | D:4      | Reached skill level 7 in Axes
  5162 | D:4      | Reached skill level 5 in Armour
  5162 | D:4      | Reached XP level 7. HP: 53/61 MP: 6/6
  5181 | D:4      | Reached skill level 8 in Axes
  5536 | D:4      | Found a staircase to the Ecumenical Temple.
  5615 | D:4      | Noticed Robin
  5627 | D:4      | Killed Robin
  5747 | Temple   | Entered the Ecumenical Temple
  6040 | D:4      | Noticed Blork the orc
  6046 | D:4      | Killed Blork the orc
  6047 | D:4      | Reached skill level 1 in Stealth
  6767 | D:5      | Entered Level 5 of the Dungeon
  7184 | D:5      | Reached XP level 8. HP: 70/70 MP: 7/7
  7432 | D:5      | Found a large runed translucent door.
  7433 | D:5      | Found a large runed translucent door.
  7439 | D:5      | Noticed cbfl8's ghost (weakling MiDe)
  7449 | D:5      | Killed cbfl8's ghost
  7731 | D:5      | Noticed Ijyb
  7751 | D:5      | Killed Ijyb
  8064 | D:5      | Found Qobupse's Armour Emporium.
  8834 | D:5      | Found a hazy altar of Hepliaklqana.
  9071 | D:6      | Reached skill level 9 in Axes
  9341 | D:6      | Found a glowing golden altar of the Shining One.
  9932 | D:6      | Found a hide-covered altar of Uskayaw.
  9932 | D:6      | Found a white marble altar of Elyvilon.
 10340 | D:6      | Found a runed translucent door.
 10341 | D:6      | Noticed Crazy Yiuf
 10347 | D:6      | Killed Crazy Yiuf
 10523 | D:7      | Reached skill level 10 in Axes
 10555 | D:7      | Got the Guide on Shifting Ignition
 10696 | D:7      | Reached *** piety under Trog
 10815 | D:7      | Reached XP level 9. HP: 64/78 MP: 8/8
 11100 | D:7      | Found Elixoato's General Store.
 11861 | D:7      | Found Zuiv's Armour Shoppe.
 11867 | D:7      | Reached skill level 11 in Axes
 11871 | D:7      | Bought a +3 scale mail of poison resistance for 276 gold
                  | pieces
 12153 | D:8      | Noticed a troll
 12167 | D:8      | Killed a troll
 12168 | D:8      | Reached skill level 12 in Axes
 12302 | D:8      | Identified the +4 war axe "Grim Tooth" {vorpal, rPois
                  | Will++}
 12597 | D:8      | Found a flagged portal.
 13087 | D:9      | Reached **** piety under Trog
 13088 | D:9      | Reached XP level 10. HP: 88/88 MP: 9/9
 13302 | D:9      | Found a runed translucent gate.
 13302 | D:9      | Found a runed translucent gate.
 13302 | D:9      | Found a runed translucent gate.
 13303 | D:9      | Noticed TheOneDM's ghost (novice MiFi)
 13458 | D:9      | Reached skill level 13 in Axes
 13458 | D:9      | Reached skill level 5 in Dodging
 13914 | D:9      | Found an opulent altar of Gozag.
 13914 | D:9      | Found a sparkling altar of Nemelex Xobeh.
 14137 | D:9      | Killed TheOneDM's ghost
 14253 | D:9      | Found an ancient bone altar of Kikubaaqudgha.
 14294 | D:10     | Entered Level 10 of the Dungeon
 14300 | D:10     | Noticed a death yak
 14301 | D:10     | Noticed a death yak
 14301 | D:10     | Noticed a death yak
 14302 | D:10     | Noticed a death yak
 14304 | D:10     | Reached skill level 14 in Axes
 14304 | D:10     | Noticed a death yak
 14316 | D:10     | Noticed a death yak
 14318 | D:10     | Noticed a death yak
 14319 | D:10     | Slain by a death yak

Illustrated notes

Levels and vault maps discovered:
D:1:      tarquinn_simple_flora_water_b, layout_loops_corners,
          dreamdust_ecumenical_altar_grove
D:2:      minmay_evil_eye, layout_loops_cross, corexii_shack
D:3:      due_chaos_kobolds, layout_loops_ring, nzn_wu_jian_contemplation,
          minmay_cupped
D:4:      layout_loops_ring, minmay_temple_entry_grid, minivault_23, uniq_pikel,
          uniq_robin, uniq_blork_the_orc
D:5:      layout_layer_cave, marbit_many_paths, ebering_ghost_disaster_area,
          serial_shops, nicolae_shop_hallway_plus, uniq_ijyb
D:6:      layout_gridville, gammafunk_temple_overflow_elements,
          nicolae_tso_carved_into_rock, uniq_crazy_yiuf_cottage
D:7:      layout_cave_pools, serial_gnoll_camp, gnoll_camp_mini_shop,
          gnoll_camp_mini_sergeant, gnoll_camp_mini_loothouse,
          gnoll_camp_mini_shop, minmay_misc_feat_pillars
D:8:      layout_cave_pools, enter_bailey_2
D:9:      layout_long_grid, grunt_temple_overflow_opulence,
          kennysheep_mini_moat, gammafunk_ghost_necromancy
D:10:     layout_rooms, mainiacjoe_overflow_catwalk, dpeg_lair_monsters,
          chequers_guarded_unrand_ignorance, uniq_maurice
Temple:   oiseaux_autumnal_temple

Skill      XL: |  1  2  3  4  5  6  7  8  9 10 |
---------------+-------------------------------+-----
Axes           | 4 5 6 7 8 10 12 14 | 14.2
Fighting       | 4 5 6 7 9 |  9.4
Armour         | 3 5 6 8 9 |  9.6
Dodging        | 3 4 5 |  5.4
Stealth        | 1 2 |  2.3
Throwing       | |  0.9

Action                   |  1- 3 |  4- 6 |  7- 9 | 10-12 || total
-------------------------+-------+-------+-------+-------++-------
Melee: Hand axe          |    71 |    28 |       |       ||    99
       Headbutt          |    10 |    11 |    33 |    10 ||    64
       Punch             |     2 |       |       |     2 ||     4
       Battleaxe         |       |    41 |   221 |       ||   262
       War axe           |       |       |    20 |    75 ||    95
Throw: Stone             |    12 |     6 |    26 |     1 ||    45
Invok: Berserk           |       |     6 |    19 |     7 ||    32
       Brothers in Arms  |       |       |       |     1 ||     1
  Use: Potion            |     1 |     1 |     4 |       ||     6
       Scroll            |     2 |     4 |     4 |     5 ||    15
Armor: Leather armour    |     1 |       |       |       ||     1
       Ring mail         |    23 |       |       |       ||    23
       Scale mail        |       |    23 |   105 |    38 ||   166
Dodge: Dodged            |    29 |    39 |   142 |    47 ||   257
